 Dungeon Crawl Stone Soup version 0.27.1-33-g824d729ab1 (webtiles) character file.

Game seed: 6563772483870043400

3005 Holzbalken the Spear-Bearer (level 9, -5/62 HPs)
             Began as a Demonspawn Gladiator on Nov 29, 2021.
             Was a Follower of Qazlal.
             Slain by an ice beast (10 damage)
             ... on level 6 of the Dungeon.
             The game lasted 00:19:56 (6785 turns).

Holzbalken the Spear-Bearer (Demonspawn Gladiator)  Turns: 6785, Time: 00:19:56

Health: -5/62      AC: 10    Str: 18    XL:     9   Next: 54%
Magic:  14/14      EV: 12    Int: 10    God:    Qazlal [*.....]
Gold:   360        SH:  2    Dex: 14    Spells: 8/8 levels left

rFire    . . .     SeeInvis .   t - +0 halberd
rCold    . . .     Faith    .   (shield currently unavailable)
rNeg     . . .     Spirit   .   i - +3 ring mail {Will+}
rPois    .         Reflect  .   c - +0 helmet
rElec    .         Harm     .   (no cloak)
rCorr    .         Rampage  .   (no gloves)
Will     +....                  f - +0 pair of boots
Stlth    +.........             (no amulet)
HPRegen  0.20/turn              (no ring)
MPRegen  0.14/turn              (no ring)

@: no status effects
A: hooves 2, spiny 2, sturdy frame 1
a: Renounce Religion


You were on level 6 of the Dungeon.
You worshipped Qazlal.
Qazlal was aware of your devotion.
You visited 2 branches of the dungeon, and saw 7 of its levels.

You collected 360 gold pieces.

Inventory:

Hand Weapons
 a - a +1 trident
 t - a +0 halberd (weapon)
Missiles
 d - 3 throwing nets (quivered)
 q - 7 curare-tipped darts
Armour
 b - a +0 leather armour
 c - a +0 helmet (worn)
 f - a +0 pair of boots (worn)
 i - a +3 ring mail of willpower (worn)
Jewellery
 e - a ring of willpower
 m - a ring of flight
Wands
 r - a wand of polymorph (10)
 u - a wand of flame (25)
Scrolls
 h - 3 scrolls of identify
 k - 2 scrolls of amnesia
 n - 2 scrolls of enchant weapon
 p - a scroll of blinking
 w - 3 scrolls of enchant armour
 y - a scroll of acquirement {unknown}
 z - 3 scrolls of fear {unknown}
 A - a scroll of fog {unknown}
 B - a scroll of magic mapping
Potions
 g - 2 potions of resistance {unknown}
 j - 2 potions of curing
 l - a potion of haste
 o - a potion of attraction {unknown}
 v - a potion of mutation {unknown}
 x - a potion of magic {unknown}


   Skills:
 - Level 2.5 Fighting
 + Level 10.8 Polearms
 - Level 1.9 Throwing
 - Level 1.0 Armour
 - Level 3.2 Dodging
 - Level 0.8 Stealth
 + Level 7.6 Invocations


You had 8 spell levels left.
You didn't know any spells.
Your spell library contained the following spells:

 Spells                   Type           Power      Damage    Failure   Level
 Static Discharge         Conj/Air       0%         N/A       58%         2
 Call Canine Familiar     Summ           0%         N/A       83%         3
 Portal Projectile        Hex/Tloc       0%         N/A       83%         3
 Stone Arrow              Conj/Erth      0%         3d7       83%         3
 Animate Armour           Summ/Erth      0%         N/A       99%         4
 Dispel Undead            Necr           0%         3d6       99%         4
 Leda's Liquefaction      Hex/Erth       0%         N/A       99%         4
 Sticky Flame             Conj/Fire      0%         2d3       99%         4
 Lehudib's Crystal Spear  Conj/Erth      0%         10d2      100%        8


Dungeon Overview and Level Annotations

Branches:
Dungeon (6/15)             Temple (1/1) D:5

Altars:
Ashenzari
Cheibriados
Dithmenos
Elyvilon
Fedhas
Gozag
Hepliaklqana
Kikubaaqudgha
Makhleb
Nemelex Xobeh
Okawaru
Qazlal
Ru
Sif Muna
Vehumet
Xom
Yredelemnul
Zin
The Shining One

Shops:
D:4 (


Innate Abilities, Weirdness & Mutations

You have hoof-like feet.
You are mostly covered in sharp spines.
Your movements are slightly less encumbered by armour. (ER -2)


Message History

The steam dragon closely misses you. The steam dragon barely misses you.
You barely miss the steam dragon.
The steam dragon is lightly wounded.
The steam dragon is struck by your spines.
The steam dragon bites you.
* * * LOW HITPOINT WARNING * * *
The steam dragon barely misses you.
You barely miss the steam dragon.
The steam dragon is moderately wounded.
The steam dragon is struck by your spines.
The steam dragon bites you.
* * * LOW HITPOINT WARNING * * *
The steam dragon claws you but does no damage.
You hit the steam dragon.
The steam dragon is heavily wounded.
The ice beast closely misses you. The steam dragon completely misses you.
The steam dragon claws you but does no damage.
You hit the steam dragon but do no damage.
The steam dragon is heavily wounded.
The ice beast misses you.
The steam dragon is struck by your spines.
The steam dragon bites you but does no damage.
The steam dragon barely misses you.
You closely miss the steam dragon.
The steam dragon is severely wounded.
The ice beast hits you.
* * * LOW HITPOINT WARNING * * *
The ice beast freezes you!
* * * LOW HITPOINT WARNING * * *
You puncture the steam dragon!
You kill the steam dragon!
Qazlal accepts your kill. The ice beast is struck by your spines.
The ice beast hits you but does no damage.
You barely miss the ice beast.
The ice beast is moderately wounded.
The ice beast is struck by your spines. The ice beast hits you.
* * * LOW HITPOINT WARNING * * *
The ice beast freezes you!
You die...

......... ..$#
#.##.##......
...####. #..#
#.##.##.##### #.##
#..# #.......# #.#
#..######.......#
#.#
#...§...........#
#.#####.#
#.###.####....(##
#.......#
#.#.....##.....#####
.....##.#
#.#Y#.#§###........#
..##.##.#
#...@.#§.......###.#
........#
##.............#
#..#.#..#
#.............###.#
#.##.##.##
#.##.#####........#
.........# #. #.#
#...######
..##.#..### #.
.........#
............ ..
.#########
)##...)..... . .#
.....#######


You could see an ice beast.

Vanquished Creatures
  5 yaks (D:6)
  A steam dragon (D:6)
  A water moccasin (D:5)
  An ice beast (D:6)
  A sky beast (D:6)
  A black bear (D:5)
  4 ogres
  A phantom (D:6)
  A kobold brigand (D:4)
  A wyvern skeleton (D:6)
  A scorpion (D:5)
  3 wights (D:6)
  8 killer bees (D:5)
  A howler monkey (D:4)
  A bullfrog zombie (D:6)
  3 jellies
  A gnoll shaman (D:6)
  2 orc priests (D:6)
  4 hounds
  3 iguanas
  An orc wizard (D:6)
  A hound skeleton (D:4)
  A howler monkey zombie (D:6)
  5 gnolls (D:6)
  8 adders
  A white imp (D:6)
  9 orcs
  7 ball pythons
  6 bats
  10 endoplasms
  5 giant cockroaches
  7 goblins
  6 hobgoblins
  5 jackals
  3 quokkas
  2 frilled lizards (D:1)
  13 kobolds
  7 rats
141 creatures vanquished.

Notes
Turn   | Place    | Note
-------+----------+-------------------------------------------
     0 | D:1      | Holzbalken the Demonspawn Gladiator began the quest for the
                  | Orb.
     0 | D:1      | Reached XP level 1. HP: 16/16 MP: 1/1
   306 | D:1      | Reached skill level 3 in Polearms
   431 | D:1      | Gained mutation: Your movements are slightly less
                  | encumbered by armour. (ER -2) [demonic ancestry]
   431 | D:1      | Reached XP level 2. HP: 22/22 MP: 2/2
  1222 | D:1      | Reached XP level 3. HP: 27/27 MP: 3/3
  1680 | D:2      | Found a faded altar of an unknown god.
  2251 | D:2      | Gained mutation: You have large cloven feet. [demonic
                  | ancestry]
  2251 | D:2      | Reached XP level 4. HP: 29/34 MP: 4/4
  2701 | D:4      | Reached skill level 4 in Polearms
  2896 | D:4      | Reached skill level 1 in Armour
  2930 | D:4      | Gained mutation: You are partially covered in sharp spines.
                  | [demonic ancestry]
  2930 | D:4      | Reached XP level 5. HP: 39/39 MP: 5/5
  3019 | D:4      | Noticed an ogre
  3274 | D:4      | Reached skill level 5 in Polearms
  3435 | D:4      | Gained mutation: You are mostly covered in sharp spines.
                  | [demonic ancestry]
  3435 | D:4      | Reached XP level 6. HP: 21/42 MP: 6/6
  3635 | D:4      | Found Gavykut's Antique Weapon Shoppe.
  3712 | D:4      | Reached skill level 6 in Polearms
  3807 | D:5      | Entered Level 5 of the Dungeon
  3862 | D:5      | Gained mutation: You have hoof-like feet. [demonic
                  | ancestry]
  3862 | D:5      | Reached XP level 7. HP: 37/51 MP: 7/7
  3869 | D:5      | Reached skill level 7 in Polearms
  4160 | D:5      | Found a staircase to the Ecumenical Temple.
  4171 | Temple   | Entered the Ecumenical Temple
  4300 | Temple   | Became a worshipper of Qazlal Stormbringer
  4443 | D:5      | Reached skill level 8 in Polearms
  4679 | D:5      | Reached XP level 8. HP: 18/57 MP: 8/8
  4974 | D:5      | Reached skill level 9 in Polearms
  5331 | D:6      | Reached skill level 1 in Invocations
  5349 | D:6      | Found a shadowy altar of Dithmenos.
  5378 | D:6      | Reached * piety under Qazlal
  5781 | D:6      | Reached skill level 10 in Polearms
  5912 | D:6      | Reached XP level 9. HP: 42/60 MP: 12/12
  6008 | D:6      | Reached skill level 5 in Invocations
  6785 | D:6      | Slain by an ice beast

Illustrated notes

Levels and vault maps discovered:
D:1:      dpeg_arrival_rhombus, layout_basic, minmay_tiny_reverse_x
D:2:      layout_rooms, ebering_ecumenical_altar_hall
D:3:      layout_rooms
D:4:      cheibrodos_thug_alley, layout_rooms, zin_treasury, serial_shops, shop
D:5:      layout_gridville, temple_fountains
D:6:      layout_loops_ring, mainiacjoe_overflow_concentric_impassable
Temple:   minmay_crystal_spiral_temple

Skill      XL: |  1  2  3  4  5  6  7  8  9 |
---------------+----------------------------+-----
Polearms       | 3 4 5 6 8 10 | 10.8
Dodging        | 3 |  3.2
Armour         | 1 |  1.0
Invocations    | 4 7 |  7.6
Fighting       | |  2.5
Throwing       | |  1.9
Stealth        | |  0.8

Action                   |  1- 3 |  4- 6 |  7- 9 || total
-------------------------+-------+-------+-------++-------
Melee: Trident           |   136 |   137 |    77 ||   350
       Kick              |       |     2 |       ||     2
       Halberd           |       |       |   146 ||   146
  Use: Scroll            |     3 |     8 |     1 ||    12
       Potion            |       |       |     1 ||     1
 Stab: Sleeping          |     2 |     1 |       ||     3
Armor: Leather armour    |    34 |       |       ||    34
       Ring mail         |    30 |    51 |    58 ||   139
Dodge: Dodged            |    86 |    63 |    82 ||   231
Block: Other             |       |       |     4 ||     4
